cohdb
Replays
Latest Replays
All Replays
Popular Replays
Top Player Replays
Match Explorer
How It Works
Community
CoH3 Stats
Reddit
Sign in to upload your games and track your stats! →
Sign in with Steam
Alpenwell Toxic #1
Match 34627407
Overview
Messages
Build Orders
End
Construct Barracks
Construct Barracks
Riflemen Squad
1⁄4-ton 4x4 Truck
Selects Armored Battlegroup
Selects Veteran Crews
Riflemen Squad
Riflemen Squad
Infantry Support Center
Construct Motor Pool
Engineer Squad
Selects Fast Deploy
M8 Greyhound Armored Car
Construct Medical Station
M1 Anti-tank Gun Team
Grenade Package
Riflemen Squad
M1918 Browning Automatic Rifles
MasterStef
Alpenwell
0
0
Comments
sign in to comment!
No comments posted yet!